 Dungeon Crawl Stone Soup version 0.26.1-2-gb8aa6d0cf2 (webtiles) character file.

Game seed: 14711196382840382664

289259 lenfi the Deadly Accurate (level 20, -19/202 (211) HPs)
             Began as a Troll Hunter on Feb 16, 2021.
             Was the Champion of Trog.
             Demolished by Woutahasch's ghost (29 damage)
             ... on level 3 of the Lair of Beasts on Mar 11, 2021.
             The game lasted 11:16:52 (50191 turns).

lenfi the Deadly Accurate (Troll Hunter)           Turns: 50191, Time: 11:16:54

HP:   -19/202 (211) AC: 17    Str: 43    XL:     20   Next: 25%
MP:   19/19         EV: 13    Int:  9    God:    Trog [******]
Gold: 5128          SH:  0    Dex: 10    Spells: 19/19 levels left

rFire    + + .     SeeInvis +   W - +10 long sword of Discord {venom, *Drain rPois Will++ SInv}
rCold    . . .     Faith    .   H - +5 kite shield {rF+}
rNeg     . . .     Spirit   .   o - +1 acid dragon scales
rPois    +         Reflect  +   P - +2 hat {Will+}
rElec    .         Harm     .   g - +0 cloak
rCorr    +         Rampage  .   (gloves unavailable)
Will     ++++.                  (boots unavailable)
Stlth    ..........             A - amulet of Soaneace {Reflect rF+ Int+2 SH+5}
HPRegen  0.83/turn              N - +6 ring of strength
MPRegen  0.16/turn              B - +6 ring of strength

@: confused, lightly drained
A: large, unfitting armour, claws 3, regeneration 1, shaggy fur 1, tough skin 3
}: 1/15 runes: serpentine
a: Renounce Religion, Berserk, Trog's Hand, Brothers in Arms


You were on level 3 of the Lair of Beasts.
You worshipped Trog.
Trog was exalted by your worship.
You visited 6 branches of the dungeon, and saw 31 of its levels.
You also visited: Ice Cave.

You collected 6352 gold pieces.
You spent 1224 gold pieces at shops.

Inventory:

Hand Weapons
 W - the +10 long sword of Discord (weapon) {venom, *Drain rPois Will++ SInv}
   (You found it on level 9 of the Dungeon)

   It poisons the flesh of those it strikes.
   It protects you from poison.
   It affects your willpower, your defense against some magical effects.
   It lets you see invisible.
   It causes draining when unequipped.
Missiles
 c - 54 large rocks
 j - 68 javelins
 k - 8 silver javelins
 n - 64 poisoned darts
 q - 6 datura-tipped darts
 s - 2 curare-tipped darts
 C - 42 boomerangs (quivered)
 D - 14 atropa-tipped darts
 Q - 2 throwing nets
Armour
 g - a +0 cloak (worn)
 o - +1 acid dragon scales (worn)
 H - a +5 kite shield of fire resistance (worn)
 P - a +2 hat of willpower (worn)
Jewellery
 a - an uncursed ring of resist corrosion
 e - the amulet "Kiqoczak" {RegenMP +Fly rF- Dex+3 Stlth+}
   (You took it off a hell knight on level 10 of the Dungeon)

   [amulet of magic regeneration]

   It increases your magic regeneration.
   It affects your dexterity (+3).
   It makes you vulnerable to fire.
   It lets you fly.
   It makes you more stealthy.
 t - the ring of Bataom {rF+ rN++ Int+6 Stlth-}
   (You took it off a deep elf archer on level 3 of the Elven Halls)

   [ring of intelligence]

   It affects your intelligence (+6).
   It protects you from fire.
   It greatly protects you from negative energy.
   It makes you less stealthy.
 y - an uncursed ring of fire
 A - the amulet of Soaneace (around neck) {Reflect rF+ Int+2 SH+5}
   (You took it off a deep elf sorcerer on level 3 of the Elven Halls)

   [amulet of reflection]

   It shields you and reflects attacks.
   It affects your intelligence (+2).
   It protects you from fire.
   It affects your SH (+5).
 B - a +6 ring of strength (right claw)
 I - an uncursed ring of see invisible
 N - a +6 ring of strength (left claw)
 U - an uncursed ring of protection from cold
 V - an uncursed ring of willpower
Wands
 b - a wand of acid (33)
 f - a wand of paralysis (41)
 m - a wand of digging (4)
 F - a wand of disintegration (11)
 R - a wand of iceblast (45)
Scrolls
 d - a scroll of summoning
 h - 19 scrolls of identify
 l - 19 scrolls of remove curse
 r - 8 scrolls of teleportation
 u - a scroll of enchant weapon
 w - 7 scrolls of fear
 G - 6 scrolls of blinking
 L - 5 scrolls of enchant armour
Potions
 i - 4 potions of resistance
 p - 8 potions of ambrosia
 v - 3 potions of haste
 x - a potion of mutation
 E - 4 potions of might
 J - 7 potions of heal wounds
 K - 21 potions of curing
Miscellaneous
 M - a condenser vane
 O - a tin of tremorstones (2/2)
 Y - a phantom mirror


   Skills:
 + Level 15.5 Fighting
 - Level 14.0 Long Blades
 - Level 19.5 Throwing
 - Level 12.0 Armour
 - Level 8.0 Dodging
 - Level 0.3 Stealth
 - Level 9.0 Shields


You had 19 spell levels left.
You didn't know any spells.
Your spell library was empty.

Dungeon Overview and Level Annotations

Branches:
Dungeon (15/15)            Temple (0/1) D:5            Lair (6/6) D:11
 Shoals (1/4) Lair:3        Snake (4/4) Lair:2        Slime (0/5) Lair:6
    Orc (2/2) D:12            Elf (3/3) Orc:2        Vaults (0/5) D:13
 Depths (0/5) D:15          IceCv (visited)

Altars:
Ashenzari
Elyvilon
Fedhas
Gozag
Hepliaklqana
Kikubaaqudgha
Nemelex Xobeh
Qazlal
Ru
Sif Muna
Trog
Vehumet
Yredelemnul
The Shining One
Beogh

Shops:
D:7 **   D:11 }:!?=   D:13 *   Orc:1 :   Orc:2 :(*[   Elf:1 [   Snake:2 [
Snake:3 (*=

Annotations:
D:2 exclusion: downstairs
D:7 exclusion: downstairs
D:9 exclusion: downstairs
D:10 1 exclusion
D:13 exclusion: downstairs
D:14 exclusion: downstairs
Lair:3 Woutahasch's ghost, journeyman HOFi
Lair:5 exclusion: downstairs
Snake:1 exclusion: downstairs
Snake:2 exclusion: 2 downstairs


Innate Abilities, Weirdness & Mutations

You are too large for most types of armour.
You have claws for hands.
Your natural rate of healing is unusually fast.
You are covered in fur. (AC +1)
You have extremely tough skin. (AC +3)


Message History

You enter the shallow water.
Moving in this stuff is going to be slow.
You block the spectral water nymph's attack.
You block the sea snake simulacrum's attack.
You block the spectral merfolk impaler's attack.
Woutahasch's ghost completely misses you.
The spectral water nymph hits you but does no damage.
There is a staircase back to the Lair here.
You can't go down here!
Woutahasch's ghost hits you!!
* * * LOW HITPOINT WARNING * * *
Woutahasch's ghost burns you.
* * * LOW HITPOINT WARNING * * *
You block the merfolk impaler simulacrum's attack.
You climb upwards.
Welcome back to the Lair of Beasts!
There is a staircase to the Shoals, spattered with blood here.
You see here a wind drake skeleton.
You are confused.
You feel invigorated. Woutahasch's ghost hits you!!
You die...

.#....#.#.#####.##.#....#.....P..
..###.#....................####.#
................................#
........................###P.....
..##.................^...####....
.#####.......<.######....# #....
##≈≈≈##.>.....##≈≈≈##...## ##....
#≈≈≈≈≈##.....##≈≈W≈≈#...# #.....
#≈≈≈≈≈≈##...##≈≈@)≈≈#...# ##....
##≈≈≈≈≈≈#####≈≈[≈≈≈###..# #.....
.###≈≈≈≈.....≈≈≈≈####...# ##....
...###≈≈.....≈≈###......## ##....
.....##...).(.##.........###.....
.#.........####..................
..).......P# #......P...........
.#......#.## #...#####..........
.#......### #..## ###..........


You could see Woutahasch's ghost.

Vanquished Creatures
  Jorgrun (D:13)
  Asterion (Elf:2)
  3 deep elf blademasters (Elf:3)
  A deep elf master archer (Elf:3)
  The ghost of Quickbrownfox the Frost Mage, an adept DsGl of Vehumet (Elf:3)
  The ghost of Elvor the Bludgeoner, an adept GrWr of Okawaru (Snake:4)
  Donald (Elf:1)
  Gastronok (D:10)
  Agnes (Elf:2)
  10 nagarajas
  12 deep elf sorcerers (Elf:3)
  3 orc warlords (Orc:1)
  3 deep elf elementalists (Elf:3)
  A stone giant (D:13)
  Nessos (Lair:4)
  8 deep elf demonologists
  4 deep elf annihilators
  4 merfolk javelineers
  Snorg (D:13)
  2 deep elf death magi (Elf:3)
  3 deep elf high priests
  3 merfolk impalers
  Harold (D:8)
  17 naga warriors
  8 boulder beetles
  2 vault guards (D:13)
  13 hydras
  6 centaur warriors
  4 two-headed ogres
  A catoblepas (D:15)
  24 dancing weapons
  10 anacondas
  Urug (Lair:5)
  3 tengu warriors
  12 shock serpents
  7 naga sharpshooters
  2 orc high priests
  21 deep elf knights
  7 hell knights (D:10)
  A skeletal warrior (D:11)
  5 salamander mystics
  6 unseen horrors
  A death drake (shapeshifter) (Elf:1)
  2 unseen horrors (shapeshifter) (D:15)
  A glowing orange brain (D:15)
  10 sea snakes
  17 deep elf archers
  Pikel (D:5)
  7 naga ritualists
  5 orc knights
  3 harpies (Lair:3)
  4 necromancers
  7 mana vipers
  14 ugly things
  An orb spider (shapeshifter) (D:12)
  7 manticores
  74 deep elf magi
  9 cyclopes
  6 orc sorcerers
  9 salamanders
  3 fauns (Shoals:1)
  37 black mambas
  3 centaur zombies
  10 guardian serpents
  26 naga magi
  An ice statue (IceCv)
  A merfolk siren (Lair:3)
  A water nymph (Shoals:1)
  A torpor snail (Lair:6)
  4 elephants (Lair:5)
  5 cane toads
  7 rime drakes
  A kobold demonologist (D:11)
  2 gargoyles (D:14)
  The ghost of Voldus the Slasher, a novice OpFi of Gozag (D:5)
  9 komodo dragons
  3 yaktaurs
  2 rime drakes (shapeshifter)
  A queen bee (D:14)
  A tengu conjurer (D:15)
  A jumping spider (shapeshifter) (D:15)
  A spectral harpy (Shoals:1)
  2 wind drakes
  3 meliai (D:14)
  A polar bear (shapeshifter) (D:15)
  5 merfolk
  2 hornets
  11 polar bears
  6 trolls
  15 blink frogs
  7 slime creatures
  2 spectral manticores (Shoals:1)
  3 raiju (Lair:6)
  7 dream sheep
  A dream sheep (shapeshifter) (Elf:3)
  A meliai zombie (D:12)
  6 snapping turtles
  5 water elementals
  4 air elementals
  4 wyverns
  50 yaks
  A vampire (D:12)
  3 shadows
  20 humans (D:13)
  2 wraiths (D:13)
  A tarantella (shapeshifter) (D:15)
  3 basilisks
  6 fire elementals
  3 steam dragons
  Menkaure (D:5)
  Grum (D:9)
  12 wargs
  11 vampire mosquitoes
  2 acid dragons
  A soldier ant (D:10)
  57 nagas
  21 hell hounds
  20 water moccasins
  2 swamp drakes (Lair:6)
  47 orc warriors
  13 black bears
  7 ice beasts
  4 phantoms
  4 sky beasts
  An ogre (shapeshifter) (Elf:3)
  3 eyes of draining
  15 ogres
  A necrophage (D:10)
  23 wolves
  28 centaurs
  3 big kobolds
  16 bullfrogs
  2 gnoll sergeants
  4 earth elementals
  3 merfolk simulacra (Shoals:1)
  2 wyvern skeletons
  9 scorpions
  12 killer bees (D:14)
  An oklob sapling (D:5)
  7 howler monkeys
  6 electric eels
  3 quasits
  9 jellies
  26 orc priests
  6 hounds
  A gnoll shaman (D:9)
  4 bullfrog skeletons
  33 orc wizards
  5 centaur skeletons
  Jessica (D:3)
  12 iguanas
  Natasha (thrice) (D:2)
  Terence (D:3)
  9 worker ants
  3 polar bear simulacra (D:9)
  2 yak simulacra (D:9)
  3 wolf simulacra (D:9)
  A bullfrog simulacrum (D:11)
  2 centaur simulacra (D:11)
  A hound zombie (D:9)
  A hound skeleton (D:11)
  A howler monkey zombie (D:11)
  A worker ant zombie (D:11)
  13 gnolls
  2 howler monkey skeletons
  8 adders
  A shadow imp (D:7)
  4 white imps
  2 ufetubi (D:11)
  2 oozes
  4 adder zombies
  2 adder skeletons
  2 worms
  A dart slug (D:2)
  4 leopard geckos
  124 orcs
  3 bats
  8 giant cockroaches
  20 goblins
  31 hobgoblins
  13 jackals
  6 quokkas
  2 ball pythons (D:3)
  7 frilled lizards
  26 kobolds
  A quokka skeleton (D:6)
  8 rats
  3 river rat simulacra (D:9)
1454 creatures vanquished.

Vanquished Creatures (collateral kills)
  A deep elf sorcerer (Elf:3)
  The ghost of Bimpupyi the Fighter, a journeyman DsGl of Hepliaklqana (Snake:2)
  A fire dragon (Lair:6)
  An anaconda (Snake:2)
  A dancing weapon (Elf:2)
  A swamp dragon (Lair:6)
  A harpy (Shoals:1)
  A mana viper (Snake:2)
  An ice statue (IceCv)
  2 black mambas (Snake:2)
  A naga mage (Snake:2)
  A guardian serpent (Snake:2)
  A polar bear (D:11)
  4 ice beasts (IceCv)
  2 orc wizards (D:8)
  An orc (D:8)
21 creatures vanquished.

Vanquished Creatures (others)
  Vashnia (Snake:3)
  A nagaraja (Snake:4)
  A naga sharpshooter (Snake:3)
  A naga ritualist (Snake:3)
  A mana viper (Snake:3)
  A deep elf mage (Elf:1)
  5 black mambas (Snake:3)
  An air elemental (Elf:3)
  A naga (Snake:4)
  An orc wizard (Orc:2)
  A gnoll (D:9)
  24 fungi
  145 plants
184 creatures vanquished.

Grand Total: 1659 creatures vanquished

Notes
Turn   | Place    | Note
-------+----------+-------------------------------------------
     0 | D:1      | lenfi the Troll Hunter began the quest for the Orb.
     0 | D:1      | Reached XP level 1. HP: 19/19 MP: 0/0
    31 | D:3      | Reached skill level 4 in Throwing
    31 | D:3      | Reached XP level 2. HP: 28/28 MP: 1/1
    64 | D:3      | Noticed Terence
   417 | D:2      | Noticed Natasha
   445 | D:2      | Noticed a crimson imp
   445 | D:2      | Killed Natasha
   446 | D:2      | Reached XP level 3. HP: 26/35 MP: 2/2
   611 | D:2      | Noticed Natasha
   626 | D:2      | Killed Natasha
   627 | D:2      | Reached XP level 4. HP: 42/42 MP: 3/3
   657 | D:2      | Noticed Natasha
   658 | D:2      | Killed Natasha
   659 | D:2      | Reached skill level 5 in Throwing
   809 | D:3      | Found a bloodstained altar of Trog.
   821 | D:3      | Became a worshipper of Trog the Wrathful
  1687 | D:3      | Reached XP level 5. HP: 50/50 MP: 4/4
  1732 | D:3      | Reached * piety under Trog
  1740 | D:3      | Noticed Jessica
  1744 | D:3      | Killed Jessica
  2116 | D:3      | Found a hazy altar of Hepliaklqana.
  2304 | D:3      | Killed Terence
  2305 | D:3      | Reached skill level 6 in Throwing
  2337 | D:3      | Found a blossoming altar of Fedhas.
  2359 | D:3      | Reached XP level 6. HP: 59/59 MP: 5/5
  2613 | D:4      | Reached ** piety under Trog
  2829 | D:4      | Found a broken altar of Ashenzari.
  2944 | D:5      | Entered Level 5 of the Dungeon
  2947 | D:5      | Noticed a sky beast
  2958 | D:5      | Killed a sky beast
  3062 | D:4      | Reached skill level 7 in Throwing
  3062 | D:4      | Reached XP level 7. HP: 56/67 MP: 6/6
  3233 | D:4      | Found a radiant altar of Vehumet.
  3580 | D:4      | Reached *** piety under Trog
  3951 | D:5      | Noticed Voldus's ghost (novice OpFi)
  3955 | D:5      | Found a runed translucent door.
  4019 | D:5      | Reached skill level 8 in Throwing
  4113 | D:5      | Reached XP level 8. HP: 78/78 MP: 7/7
  4171 | D:5      | Found a sacrificial altar of Ru.
  4202 | D:5      | Noticed Menkaure
  4208 | D:5      | Killed Menkaure
  4406 | D:5      | Noticed Pikel
  4426 | D:5      | Killed Pikel
  4427 | D:5      | Reached skill level 5 in Fighting
  4427 | D:5      | Reached skill level 9 in Throwing
  4467 | D:5      | Found a staircase to the Ecumenical Temple.
  4821 | D:5      | Found a glowing golden altar of the Shining One.
  4828 | D:5      | Found a shimmering blue altar of Sif Muna.
  4832 | D:5      | Found an ancient bone altar of Kikubaaqudgha.
  5030 | D:5      | Killed Voldus's ghost
  5031 | D:5      | Reached skill level 10 in Throwing
  5031 | D:5      | Reached XP level 9. HP: 62/88 MP: 8/8
  5800 | D:6      | Reached **** piety under Trog
  5885 | D:6      | Found a stormy altar of Qazlal.
  6254 | D:7      | Found Voum's General Store.
  6285 | D:7      | Reached skill level 11 in Throwing
  6704 | D:7      | Found an opulent altar of Gozag.
  6709 | D:7      | Found Gozag's Platinum Reserve.
  7233 | D:8      | Found a basalt altar of Yredelemnul.
  7523 | D:8      | Reached XP level 10. HP: 49/100 MP: 9/9
  7883 | D:8      | Noticed Harold
  7888 | D:8      | Killed Harold
  7889 | D:8      | Reached skill level 12 in Throwing
  8282 | D:8      | Found a white marble altar of Elyvilon.
  8816 | D:9      | Got an ichor-stained long sword
  9096 | D:10     | Entered Level 10 of the Dungeon
  9236 | D:10     | Found a sparkling altar of Nemelex Xobeh.
  9245 | D:9      | Noticed Grum
  9256 | D:9      | Killed Grum
  9296 | D:9      | Identified the +10 long sword of Discord {venom, *Drain
                  | rPois Will++ SInv} (You found it on level 9 of the Dungeon)
  9306 | D:9      | Reached XP level 11. HP: 109/109 MP: 10/10
  9394 | D:9      | Reached ***** piety under Trog
  9853 | D:9      | Noticed a necromancer
  9864 | D:9      | Killed a necromancer
  9866 | D:9      | Received a gift from Trog
 10298 | D:7      | Bought a scroll of enchant armour for 75 gold pieces
 10676 | D:10     | Noticed a two-headed ogre
 10681 | D:10     | Killed a two-headed ogre
 10787 | D:11     | Found Kexatur's Book Shop.
 10787 | D:11     | Found a frozen archway.
 10795 | IceCv    | Entered an ice cave
 10795 | IceCv    | Noticed a white ugly thing
 10808 | IceCv    | Killed a white ugly thing
 10824 | IceCv    | Found a transporter.
 10933 | IceCv    | Noticed a white ugly thing
 10943 | IceCv    | Killed a white ugly thing
 10944 | IceCv    | Reached XP level 12. HP: 73/118 MP: 11/11
 10954 | IceCv    | Found a transporter.
 11159 | D:10     | Noticed Gastronok
 11170 | D:10     | Killed Gastronok
 11171 | D:10     | Reached skill level 10 in Long Blades
 11640 | D:10     | Noticed a two-headed ogre
 11651 | D:10     | Killed a two-headed ogre
 12109 | D:10     | Identified the amulet "Kiqoczak" {RegenMP +Fly rF- Dex+3
                  | Stlth+}
 12615 | D:12     | Noticed a tengu warrior
 12615 | D:12     | Noticed a tengu warrior
 12639 | D:11     | Killed a tengu warrior
 12810 | D:11     | Found a staircase to the Lair.
 12874 | D:11     | Found Dihoa's Magic Scroll Boutique.
 12902 | D:11     | Identified a scroll of acquirement
 12941 | D:11     | Reached XP level 13. HP: 95/124 MP: 12/12
 13272 | D:11     | Found Ukhotuf's Jewellery Emporium.
 13296 | D:11     | Received a gift from Trog
 13485 | D:11     | Found Haoffio's Distillery.
 13488 | D:11     | Bought a potion of curing for 45 gold pieces
 13488 | D:11     | Bought a potion of might for 60 gold pieces
 13488 | D:11     | Bought 2 potions of heal wounds for 150 gold pieces
 13488 | D:11     | Bought a potion of curing for 45 gold pieces
 13583 | D:11     | Found Xirghupn's Gadget Shoppe.
 14373 | D:11     | Reached skill level 1 in Armour
 14375 | D:11     | Acquired a manual of Armour
 14971 | D:12     | Found a staircase to the Orcish Mines.
 15003 | D:12     | Reached skill level 5 in Armour
 16054 | D:12     | Reached XP level 14. HP: 133/133 MP: 13/13
 16428 | D:13     | Noticed Snorg
 16438 | D:13     | Killed Snorg
 16438 | D:13     | Reached ****** piety under Trog
 16573 | D:13     | Reached skill level 10 in Armour
 16956 | D:13     | Found a gate to the Vaults.
 17106 | D:13     | Found Saumirint's Assorted Antiques.
 17117 | D:13     | Bought a scroll of teleportation for 102 gold pieces
 17332 | D:13     | Noticed Jorgrun
 17346 | D:13     | HP: 2/199 [Jorgrun/uncursed staff of earth (13)]
 17349 | D:13     | Killed Jorgrun
 17855 | D:13     | Noticed a stone giant
 17861 | D:13     | Killed a stone giant
 17957 | D:13     | Received a gift from Trog
 18286 | D:14     | Reached skill level 13 in Throwing
 18368 | D:15     | Entered Level 15 of the Dungeon
 18603 | D:14     | Acquired 938 gold pieces
 19569 | D:15     | Reached XP level 15. HP: 124/143 MP: 14/14
 19720 | D:15     | Found a glowing golden altar of the Shining One.
 19757 | D:15     | Received a gift from Trog
 19791 | D:15     | Acquired a +2 kite shield of fire resistance
 19880 | D:15     | Reached skill level 1 in Shields
 20465 | D:15     | Found a staircase to the Depths.
 20677 | Orc:1    | Entered Level 1 of the Orcish Mines
 20868 | Orc:1    | Found a bloodstained altar of Trog.
 21124 | Orc:1    | Received a gift from Trog
 21188 | Orc:1    | Noticed an orc warlord
 21200 | Orc:1    | Killed an orc warlord
 21201 | Orc:1    | Reached skill level 5 in Shields
 21334 | Orc:2    | Entered Level 2 of the Orcish Mines
 21334 | Orc:2    | Found a staircase to the Elven Halls.
 21338 | Orc:2    | Noticed an orc warlord
 21407 | Orc:1    | Killed an orc warlord
 21734 | Orc:2    | Received a gift from Trog
 21923 | Orc:2    | Found a roughly hewn altar of Beogh.
 22030 | Orc:2    | Found Zeoravuo's Book Emporium.
 22057 | Orc:2    | Found Fiwkeg's General Store.
 22125 | Orc:2    | Noticed an orc warlord
 22203 | Orc:1    | Killed an orc warlord
 22320 | Orc:2    | Found Qiorhor's Antique Armour Emporium.
 22334 | Orc:2    | Found Viynopu's Antique Weapon Emporium.
 22844 | Orc:2    | Received a gift from Trog
 23097 | Orc:1    | Found Jekor's Book Boutique.
 23675 | Lair:1   | Entered Level 1 of the Lair of Beasts
 25543 | Lair:2   | Found a staircase to the Snake Pit.
 25713 | Lair:3   | Got a smoking hunting sling
 26048 | Lair:3   | Found a staircase to the Shoals.
 26382 | Lair:3   | Found an opulent altar of Gozag.
 26619 | Lair:4   | Received a gift from Trog
 26724 | Lair:5   | Reached skill level 14 in Throwing
 26857 | Lair:4   | Noticed Nessos
 26868 | Lair:4   | Killed Nessos
 27206 | Lair:4   | Reached XP level 16. HP: 153/153 MP: 15/15
 27805 | Lair:6   | Entered Level 6 of the Lair of Beasts
 27886 | Lair:5   | Noticed Urug
 27892 | Lair:5   | Killed Urug
 28145 | Lair:5   | Received a gift from Trog
 29194 | Lair:6   | Found a staircase to the Slime Pits.
 29281 | Lair:6   | Reached skill level 15 in Throwing
 30219 | Lair:6   | Received a gift from Trog
 31032 | Shoals:1 | Entered Level 1 of the Shoals
 31326 | D:11     | Bought 2 potions of haste for 300 gold pieces
 31326 | D:11     | Bought a potion of haste for 150 gold pieces
 31387 | D:12     | Acquired 927 gold pieces
 31409 | Elf:1    | Entered Level 1 of the Elven Halls
 31417 | Elf:1    | Reached skill level 16 in Throwing
 31607 | Elf:1    | Received a gift from Trog
 31942 | Elf:1    | Noticed a quicksilver dragon
 31942 | Elf:1    | an iron troll changed into a quicksilver dragon
 31945 | Elf:1    | Noticed a shadow dragon
 31945 | Elf:1    | a quicksilver dragon changed into a shadow dragon
 32514 | Elf:1    | Reached XP level 17. HP: 156/161 MP: 16/16
 32540 | Elf:2    | Reached skill level 17 in Throwing
 32807 | Elf:2    | Received a gift from Trog
 33264 | Elf:1    | Found Zing's Armour Boutique.
 33543 | Elf:3    | Entered Level 3 of the Elven Halls
 33556 | Elf:2    | Noticed Donald
 33587 | Elf:1    | Killed Donald
 34167 | Elf:2    | Reached skill level 18 in Throwing
 34913 | Elf:2    | Found a runed translucent gate.
 34913 | Elf:2    | Found a runed translucent gate.
 34913 | Elf:2    | Found a runed translucent gate.
 34923 | Elf:2    | Noticed Agnes
 34942 | Elf:2    | Killed Agnes
 35020 | Elf:2    | Received a gift from Trog
 35178 | Elf:2    | Noticed Asterion
 36715 | Elf:2    | Killed Asterion
 37191 | Elf:3    | Received a gift from Trog
 37553 | Elf:3    | Identified the amulet of Skepticism {Spirit rF+ Int+4}
 37558 | Elf:3    | Noticed a Brimstone Fiend
 37921 | Elf:3    | Reached XP level 18. HP: 174/174 MP: 17/17
 38157 | Elf:3    | Reached skill level 19 in Throwing
 38277 | Elf:3    | Reached skill level 10 in Fighting
 38421 | Elf:3    | Identified the +0 troll leather armour of Mental Paralysis
                  | {+Inv rC+ Regen+ Str+4 Dex-4}
 38433 | Elf:3    | Received a gift from Trog
 38788 | Elf:3    | Identified the amulet of Soaneace {Reflect rF+ Int+2 SH+5}
 39226 | Elf:3    | Found a runed translucent gate.
 39226 | Elf:3    | Found a runed translucent gate.
 39227 | Elf:3    | Found a runed translucent gate.
 39229 | Elf:3    | Noticed Quickbrownfox's ghost (adept DsGl)
 39256 | Elf:3    | Killed Quickbrownfox's ghost
 39624 | Elf:3    | Identified the cursed +0 scale mail of Conscience {Will+}
 39677 | Elf:3    | Identified the ring of Bataom {rF+ rN++ Int+6 Stlth-}
 39683 | Elf:3    | Identified the cursed +1 broad axe of Turmoil {distort,
                  | Str+4}
 40743 | Snake:1  | Entered Level 1 of the Snake Pit
 41131 | Snake:1  | Received a gift from Trog
 42263 | Snake:2  | Reached skill level 5 in Dodging
 42429 | Snake:2  | Reached XP level 19. HP: 184/191 MP: 18/18
 42452 | Snake:2  | Found Xytweng's Armour Boutique.
 42659 | Snake:2  | Found a runed translucent gate.
 42659 | Snake:2  | Found a runed translucent gate.
 42661 | Snake:2  | Noticed Bimpupyi's ghost (journeyman DsGl)
 42739 | Snake:3  | Noticed Vashnia
 43290 | Snake:3  | Found Nujeusch's Jewellery Shoppe.
 43391 | Snake:2  | Found a runed translucent gate.
 43633 | Snake:2  | Killed Bimpupyi's ghost
 43639 | Snake:2  | Received a gift from Trog
 43794 | Snake:3  | Killed Vashnia
 44128 | Snake:3  | Identified the +9 falchion "Veoceunu" {drain, rF+ Str+4}
 44450 | Snake:4  | Entered Level 4 of the Snake Pit
 44487 | Snake:3  | Found Plog's Assorted Antiques.
 44641 | Snake:3  | Bought 2 potions of curing for 198 gold pieces
 44641 | Snake:3  | Bought a potion of curing for 99 gold pieces
 44651 | Snake:3  | Found Cabailo's Antique Weapon Boutique.
 45540 | Snake:4  | Received a gift from Trog
 46234 | Snake:4  | Received a gift from Trog
 46431 | Snake:4  | Found a runed translucent door.
 46433 | Snake:4  | Noticed Elvor's ghost (adept GrWr)
 46616 | Snake:4  | Killed Elvor's ghost
 48177 | Snake:4  | Received a gift from Trog
 48204 | Snake:4  | Reached XP level 20. HP: 209/209 MP: 19/19
 48366 | Snake:4  | Reached skill level 15 in Fighting
 48537 | Snake:4  | Got a serpentine rune of Zot
 50009 | Shoals:1 | Found a runed translucent gate.
 50009 | Shoals:1 | Found a runed translucent gate.
 50009 | Shoals:1 | Found a runed translucent gate.
 50096 | Shoals:1 | Noticed Woutahasch's ghost (journeyman HOFi)
 50189 | Shoals:1 | HP: 7/202 [Woutahasch's ghost (24)]
 50191 | Lair:3   | Demolished by Woutahasch's ghost

Illustrated notes

Levels and vault maps discovered:
D:1:      nzn_arrival_water_spiral, layout_basic
D:2:      layout_rooms, minmay_vboxes, uniq_natasha
D:3:      layout_rooms, old_standard_altar, nicolae_overflow_hidden_temple,
          old_standard_altar, uniq_terence, uniq_jessica
D:4:      corexii_shantytown, layout_loops_ring, cheibrodos_ashenzari_chains,
          vehumet_altar_wand_db, kennysheep_generic_room_10
D:5:      corexii_shack_village, layout_basic, grunt_temple_overflow_diamond,
          general_overflow_altar, minmay_temple_entry_oklob,
          hellmonk_ghost_happy_afterlife, uniq_menkaure, uniq_pikel
D:6:      layout_loops_ring, grunt_qazlal_sundering
D:7:      layout_loops_cross, serial_shops, shop_fountains,
          nicolae_gozag_zags_fifth_avenue
D:8:      layout_basic, overflow_temple_1_default, elyvilon_altar_5,
          serial_rivers, chequers_serial_rivers_room_a,
          chequers_serial_rivers_large_b, chequers_serial_rivers_small_b,
          chequers_serial_rivers_micro_e, chequers_serial_rivers_micro_c,
          chequers_serial_rivers_room_b, uniq_harold
D:9:      layout_basic, eino_house_with_fridge, uniq_grum
D:10:     layout_cave_pods, basic_altar, minmay_rotating_lava, uniq_gastronok
D:11:     minmay_the_grid_square_5x5_5x5_mashed
          [minmay_the_grid_square_5x5_two_walls_a,
          minmay_the_grid_square_5x5_fancy_junction,
          minmay_the_grid_square_5x5_minibox,
          minmay_the_grid_square_5x5_trominoes,
          minmay_the_grid_square_5x5_inner_v, minmay_the_grid_square_5x5_seven,
          minmay_the_grid_square_5x5_prize_deathbox,
          minmay_the_grid_square_5x5_three_walls,
          minmay_the_grid_square_5x5_prize_itemx,
          minmay_the_grid_square_5x5_minimal,
          minmay_the_grid_square_5x5_doubleslash,
          minmay_the_grid_square_5x5_two_small,
          minmay_the_grid_square_5x5_prize_snowflake,
          minmay_the_grid_square_5x5_bracketed,
          minmay_the_grid_square_5x5_fat_x,
          minmay_the_grid_square_5x5_three_small,
          minmay_the_grid_square_5x5_prize_waves,
          minmay_the_grid_square_5x5_eight_small,
          minmay_the_grid_square_5x5_prize_open,
          minmay_the_grid_square_5x5_tri_point,
          minmay_the_grid_square_5x5_checkered,
          minmay_the_grid_square_5x5_inset, minmay_the_grid_square_5x5_shrine2,
          minmay_the_grid_square_5x5_z, minmay_the_grid_square_5x5_moneybag],
          layout_cave_pools, david_lair_shrubbed, serial_ice, serial_ice_k,
          serial_ice_h, serial_ice_n, serial_ice_o,
          portal_ice_cave_entry_pillars_1, serial_shops,
          nicolae_shop_competitors_out_of_business, nicolae_shop_stone,
          kennysheep_mini, nicolae_shop_window_shopping,
          nicolae_shop_behind_doors
D:12:     layout_rooms
D:13:     kennysheep_big_flooded_room, layout_irregular_city,
          grunt_vaults_entry_tiered, serial_shops, shop, enter_bailey_4,
          uniq_snorg, uniq_jorgrun
D:14:     layout_rooms, minmay_parallelograms, special_room [special_room_bee]
D:15:     gammafunk_enter_depths_forms, layout_rooms,
          nicolae_tso_carved_into_rock
Lair:1:   layout_regular_city, grunt_megastairs_1, serial_bayou_shore_b
Lair:2:   layout_concentric_octagons, minmay_snake_entry_guardpost_medium,
          cheibrodos_lair_reptile_den
Lair:3:   layout_chaotic_city, minmay_shoals_entry_lonely_mermaid, basic_altar,
          columned_hall_lemuel, serial_bayou_shore_a
Lair:4:   layout_loops_ring, infiniplex_staircase_pool_2, grunt_megastairs_4,
          uniq_nessos
Lair:5:   layout_cave_pods, beast_lair_carwin_9, lemuel_fruit_tree, uniq_urug
Lair:6:   guppyfry_lair_end_dragon, layout_long_grid,
          hangedman_lair_caniforms_friends, minmay_slime_entry_pillars,
          infiniplex_staircase_pool
Shoals:1: layout_shoals, gammafunk_ghost_necromancy, nicolae_shoals_mertower
Snake:1:  layout_gridlike
Snake:2:  layout_onion, gammafunk_ghost_split, serial_shops, nicolae_shop_trees,
          nicolae_coiled_stairwell_up, serial_bayou_shore_b
Snake:3:  layout_rooms, serial_shops, bzr_firewalk, shop,
          nicolae_shop_overgrown_old_shop, shop, uniq_vashnia
Snake:4:  grunt_snake_rune_pools, layout_chambers, ebering_ghost_inner_flame,
          guppyfry_library_mini
Orc:1:    layout_diamond_mine, serial_shops, nicolae_shop_stone,
          trog_hazing_becter
Orc:2:    grunt_orc_cross, layout_caves
Elf:1:    layout_loops_cross, serial_shops, nicolae_shop_statue_plus,
          minmay_elf_demonology
Elf:2:    layout_loops_cross, uniq_agnes, uniq_donald, uniq_asterion
Elf:3:    minmay_elf_hall_quartered_circle, layout_geoelf_octagon,
          ebering_ghost_rock_garden

Skill      XL: |  1  2  3  4  5  6  7  8  9 10 11 12 13 14 15 16 17 18 19 20 |
---------------+-------------------------------------------------------------+-----
Throwing       | 4 5 6 7 8 10 11 12 13 14 16 18 19 | 19.5
Fighting       | 2 3 4 5 6 7 8 9 12 14 15 | 15.5
Long Blades    | 7 9 12 14 | 14.0
Armour         | 9 12 | 12.0
Shields        | 9 |  9.0
Dodging        | 2 3 5 8 |  8.0
Stealth        | |  0.3

Action                   |  1- 3 |  4- 6 |  7- 9 | 10-12 | 13-15 | 16-18 | 19-21 || total
-------------------------+-------+-------+-------+-------+-------+-------+-------++-------
Melee: Short sword       |    45 |   132 |   149 |       |       |       |       ||   326
       Dagger            |       |    39 |       |       |       |       |       ||    39
       Whip              |       |       |   229 |   128 |       |       |       ||   357
       Long sword        |       |       |       |   238 |  1491 |  1553 |  1122 ||  4404
 Fire: Hunting sling     |     5 |    49 |    37 |     9 |       |       |       ||   100
Throw: Large rock        |    12 |     8 |    12 |    18 |    26 |    86 |     2 ||   164
       Stone             |    39 |       |       |       |       |       |       ||    39
       Throwing net      |     3 |     4 |     2 |     3 |     3 |     3 |       ||    18
       Dart              |       |    26 |    59 |    41 |   125 |    39 |       ||   290
       Boomerang         |       |       |     2 |    75 |   148 |   211 |    48 ||   484
Invok: Berserk           |       |       |     3 |       |       |       |       ||     3
       Trog's Hand       |       |       |     1 |       |       |       |       ||     1
       Brothers in Arms  |       |       |     1 |     2 |       |     5 |     1 ||     9
 Abil: Evoke Flight      |       |       |       |     2 |       |       |       ||     2
Evoke: Wand              |       |       |     3 |     2 |     1 |     3 |       ||     9
       Condenser vane    |       |       |       |       |     3 |       |       ||     3
       Box of beasts     |       |       |       |       |     1 |     1 |       ||     2
       Lightning rod     |       |       |       |       |       |     2 |       ||     2
  Use: Potion            |     2 |       |     1 |     7 |     6 |     4 |     2 ||    22
       Scroll            |       |     5 |     7 |    18 |    13 |    11 |     1 ||    55
 Stab: Sleeping          |       |       |     1 |     1 |       |       |       ||     2
       Invisible         |       |       |       |     1 |     1 |       |       ||     2
       Held in net/web   |       |       |       |       |     1 |       |       ||     1
Armor: Robe              |    16 |    66 |   155 |   138 |    43 |       |       ||   418
       Acid dragon scale |       |       |       |       |   387 |   266 |   170 ||   823
       Skin              |       |       |       |       |     3 |       |       ||     3
Dodge: Dodged            |    32 |   102 |   195 |   150 |   356 |   264 |   259 ||  1358
Block: Other             |       |       |    27 |    60 |   121 |       |       ||   208
       Reflection        |       |       |     3 |     2 |    50 |   107 |    84 ||   246
       Kite shield       |       |       |       |       |   429 |  1127 |  1034 ||  2590
       Rpst.: Long sword |       |       |       |    13 |    96 |    48 |    47 ||   204
